 Dungeon Crawl Stone Soup version 0.32-a0-656-g3542139ebd (console) character file.

Game seed: 12197745925365428563

2675608 roseri the Archmage (level 27, 217/217 HPs)
             Began as a Barachi Wanderer on Mar 8, 2024.
             Was the Champion of Vehumet.
             Escaped with the Orb
             ... and 5 runes!
             The game lasted 04:20:21 (90850 turns).

roseri the Archmage (Barachi Wanderer)             Turns: 90850, Time: 04:20:22

Health: 217/217    AC: 34    Str: 12    XL:     27
Magic:  48/48      EV: 25    Int: 31    God:    Vehumet [******]
Gold:   6997       SH: 21    Dex: 29    Spells: 16/80 levels left

rFire   + + .        i - +7 hand axe "Ureh" {freeze, Int+5}
rCold   + + +        m - +5 Storm Queen's Shield {shock, Fly rElec}
rNeg    + . .        l - quicksilver dragon scales
rPois   +            a - +1 helmet of Rusouff {rPois Dex+5}
rElec   +            s - +1 cloak {Will+}
rCorr   +            E - +2 pair of gloves
SInv    .            x - +1 pair of boots of Supple Strength {rF+ Dex+3}
Will    ++++.        w - macabre finger necklace {Finger+ rN+}
Stlth   +            B - ring "Sanoap" {Wiz Dex+5}
HPRegen 0.56/turn    h - ring "Afephydgh" {rF+ rCorr AC+4}
MPRegen 0.31/turn    V - ring of Secrets {Wiz rC+ rCorr}

%: wizardry (x2)
@: flying, studying Staves, slow
A: amphibious, slowness 1, strong legs 2, +LOS, agile 1, cold resistance 2,
frail 1, low MP 1, sense surroundings 1
0: Orb of Zot
}: 5/15 runes: serpentine, barnacled, slimy, silver, abyssal
a: Hop, Renounce Religion


You escaped.
You worshipped Vehumet.
Vehumet was exalted by your worship.
You visited 11 branches of the dungeon, and saw 53 of its levels.
You visited the Abyss 2 times.
You also visited: Trove and Ice Cave.

You collected 11824 gold pieces.
You spent 4827 gold pieces at shops.

Inventory:

Hand Weapons
 i - the +7 hand axe "Ureh" (weapon) {freeze, Int+5}
   (You bought it in a shop on level 2 of the Orcish Mines)

   Int+5:     It affects your intelligence (+5).
Missiles
 b - 5 throwing nets (quivered)
Armour
 a - the +1 helmet of Rusouff (worn) {rPois Dex+5}
   (You found it on level 1 of the Shoals)

   Dex+5:     It affects your dexterity (+5).
   rPois:     It protects you from poison.
 l - quicksilver dragon scales (worn)
 m - the +5 Storm Queen's Shield (worn) {shock, Fly rElec}
   (You took it off a merfolk on level 4 of the Shoals)

   Shock:     When it blocks an attack, it may electrocute the attacker.
   This works even against foes who are a short distance away.
   rElec:     It insulates you from electricity.
   Fly:       It grants you flight.
 s - a +1 cloak of willpower (worn)
 x - the +1 pair of boots of Supple Strength (worn) {rF+ Dex+3}
   (You found it in a treasure trove)

   Dex+3:     It affects your dexterity (+3).
   rF+:       It protects you from fire.
 E - a +2 pair of gloves (worn)
 L - +3 acid dragon scales
Jewellery
 d - a ring of willpower
 h - the ring "Afephydgh" (right hand) {rF+ rCorr AC+4}
   (You found it on level 2 of the Lair of Beasts)

   [ring of protection]

   AC+4:      It affects your AC (+4).
   rF+:       It protects you from fire.
   rCorr:     It protects you from acid and corrosion.
 v - the amulet "Gucyt" {RegenMP+ rCorr Stlth+}
   (You found it on level 4 of the Shoals)

   [amulet of magic regeneration]

   It increases your rate of magic regeneration.
   rCorr:     It protects you from acid and corrosion.
   Stlth+:    It makes you more stealthy.
   RegenMP+:  It increases your rate of magic regeneration.
 w - the macabre finger necklace (around neck) {Finger+ rN+}
   (You found it on level 5 of the Pits of Slime)

   [amulet of nothing]

   Finger+:   It enables you to equip an extra ring.
   rN+:       It protects you from negative energy.
 B - the ring "Sanoap" (left hand) {Wiz Dex+5}
   (You found it on level 3 of the Shoals)

   [ring of wizardry]

   Wiz:       It improves your spell success rate.
   Dex+5:     It affects your dexterity (+5).
 C - a ring of positive energy
 H - the ring "Sul Pes" {rPois rF+ Dex+6 Slay+3}
   (You found it on level 3 of the Lair of Beasts)

   [ring of protection from fire]

   Dex+6:     It affects your dexterity (+6).
   Slay+3:    It affects your accuracy & damage with ranged weapons and melee
   (+3).
   rF+:       It protects you from fire.
   rPois:     It protects you from poison.
 J - the ring "Iqod" {+Blink rCorr Int+5 Dex-3}
   (You took it off a frost giant on level 1 of the Depths)

   [ring of resist corrosion]

   Int+5:     It affects your intelligence (+5).
   Dex-3:     It affects your dexterity (-3).
   +Blink:    It lets you blink.
   rCorr:     It protects you from acid and corrosion.
 V - the ring of Secrets (on amulet) {Wiz rC+ rCorr}
   (You found it on level 14 of the Dungeon)

   [ring of wizardry]

   Wiz:       It improves your spell success rate.
   rC+:       It protects you from cold.
   rCorr:     It protects you from acid and corrosion.
 Y - a ring of see invisible
Wands
 g - a wand of acid (29)
 G - a wand of charming (37)
 N - a wand of roots (58)
 P - a wand of digging (5)
Scrolls
 e - a scroll of brand weapon
 j - 11 scrolls of noise
 p - 5 scrolls of vulnerability
 q - 11 scrolls of fog
 r - 9 scrolls of immolation
 t - 8 scrolls of blinking
 y - 2 scrolls of torment
 A - 23 scrolls of teleportation
 I - 9 scrolls of enchant weapon
 M - 2 scrolls of amnesia
 O - 2 scrolls of silence
 R - 6 scrolls of summoning
 S - 7 scrolls of revelation
 U - 4 scrolls of fear
Potions
 c - 25 potions of curing
 f - 6 potions of invisibility
 k - 5 potions of enlightenment
 n - 6 potions of attraction
 o - 6 potions of resistance
 u - 5 potions of heal wounds
 z - 5 potions of ambrosia
 D - 9 potions of brilliance
 F - 2 potions of haste
 K - 6 potions of might
 Q - 9 potions of mutation
Miscellaneous
 T - a condenser vane
 W - a phial of floods
 Z - a box of beasts


   Skills:
 - Level 25.0 Fighting
 - Level 2.1 Staves
 + Level 21.1 Armour
 - Level 16.0 Dodging
 - Level 15.0 Shields
 O Level 27 Spellcasting
 - Level 19.0 Conjurations
 - Level 2.0 Hexes
 - Level 5.0 Translocations
 - Level 20.0 Fire Magic
 - Level 16.0 Air Magic
 - Level 7.0 Alchemy
 - Level 1.0 Invocations
 - Level 6.0 Evocations


You had 16 spell levels left.
You knew the following spells:

 Your Spells              Type           Power      Damage    Failure   Level
a - Irradiate             Conj/Alch      44%        3d26      1%          5
b - Yara's Violent Unrav  Hex/Alch       31%        3d13      1%          5
c - Plasma Beam           Fire/Air       50%        2x1d65    1%          6
d - Orb of Destruction    Conj           51%        9d13      1%          7
e - Static Discharge      Conj/Air       100%       3-8/arc   0%          2
f - Starburst             Conj/Fire      52%        6d14      1%          6
g - Arcjolt               Conj/Air       50%        1d60      1%          5
h - Maxwell's Capacitive  Air            48%        ∞         1%          8
i - Ignition              Fire           52%        3d15      1%          8
j - Fire Storm            Conj/Fire      52%        8d13      4%          9
A - Apportation           Tloc           100%       N/A       1%          1
C - Lesser Beckoning      Tloc           100%       N/A       1%          2

Your spell library contained the following spells:

 Spells                   Type           Power      Damage    Failure   Level
 Kiss of Death            Conj/Necr      100%       2d13      0%          1
 Magic Dart               Conj           100%       1d8       0%          1
 Sting                    Conj/Alch      100%       1d9       0%          1
 Mercury Vapours          Alch/Air       100%       N/A       0%          2
 Momentum Strike          Conj/Tloc      100%       3d10      0%          2
 Searing Ray              Conj           100%       2d8       0%          2
 Mephitic Cloud           Conj/Alch/Air  91%        N/A       0%          3
 Volatile Blastmotes      Fire/Tloc      100%       2d18      0%          3
 Flame Wave               Conj/Fire      100%       2d21      0%          4
 Fireball                 Conj/Fire      52%        3d20      0%          5
 Iskenderun's Battlesphe  Conj           100%       2d15      0%          5
 Necrotise                Necr           100%       1d9       1%          1
 Slow                     Hex            100%       N/A       1%          1
 Summon Small Mammal      Summ           100%       N/A       1%          1
 Cigotuvi's Dreadful Rot  Necr/Alch/Air  100%       N/A       1%          2
 Ensorcelled Hibernation  Hex/Ice        96%        N/A       1%          2
 Jinxbite                 Hex            100%       N/A       1%          2
 Sublimation of Blood     Necr           41%        N/A       1%          2
 Call Canine Familiar     Summ           41%        N/A       1%          3
 Confusing Touch          Hex            53%        N/A       1%          3
 Dazzling Flash           Conj/Hex       100%       N/A       1%          3
 Frozen Ramparts          Ice            82%        1d13      1%          3
 Gell's Gravitas          Tloc           64%        N/A       1%          3
 Hailstorm                Conj/Ice       79%        3d13      1%          3
 Inner Flame              Hex/Fire       83%        N/A       1%          3
 Ozocubu's Armour         Ice            41%        N/A       1%          3
 Sigil of Binding         Hex            53%        N/A       1%          3
 Stone Arrow              Conj/Erth      100%       3d13      1%          3
 Summon Ice Beast         Ice/Summ       41%        N/A       1%          3
 Teleport Other           Tloc           64%        N/A       1%          3
 Tukima's Dance           Hex            53%        N/A       1%          3
 Vampiric Draining        Necr           41%        2d8       1%          3
 Brom's Barrelling Bould  Conj/Erth      79%        2d9       1%          4
 Dimensional Bullseye     Hex/Tloc       29%        N/A       1%          4
 Fulminant Prism          Conj/Alch      44%        3d19      1%          4
 Iskenderun's Mystic Bla  Conj/Tloc      86%        2d17      1%          4
 Sticky Flame             Fire/Alch      90%        2d14      1%          4
 Summon Blazeheart Golem  Fire/Summ      81%        N/A       1%          4
 Vhi's Electric Charge    Tloc/Air       100%       N/A       1%          4
 Alistair's Intoxication  Alch           47%        N/A       1%          5
 Freezing Cloud           Conj/Ice/Air   42%        6-21      1%          5
 Bombard                  Conj/Erth      39%        9d7       1%          6
 Conjure Ball Lightning   Conj/Air       50%        3x3d17    1%          6
 Eringya's Noxious Bog    Alch           35%        4d6       1%          6
 Spellforged Servitor     Conj/Summ      39%        N/A       2%          7
 Animate Dead             Necr           41%        N/A       4%          4
 Dispel Undead            Necr           41%        3d16      4%          4
 Martyr's Knell           Necr/Summ      41%        N/A       4%          4
 Summon Forest            Summ/Tloc      27%        N/A       4%          5
 Metabolic Englaciation   Hex/Ice        24%        N/A       9%          5
 Summon Mana Viper        Hex/Summ       48%        N/A       9%          5
 Dispersal                Tloc           32%        N/A       9%          6
 Borgnjor's Vile Clutch   Necr/Erth      20%        N/A       13%         5
 Sculpt Simulacrum        Ice/Alch       29%        N/A       16%         6
 Death Channel            Necr           20%        N/A       52%         6
 Summon Cactus Giant      Summ           20%        N/A       52%         6
 Ozocubu's Refrigeration  Ice            20%        4d12      58%         7
 Haunt                    Necr/Summ      20%        N/A       96%         7
 Monstrous Menagerie      Summ           20%        N/A       96%         7
 Polar Vortex             Ice            20%        12d2*     99%         9
 Borgnjor's Revivificati  Necr           20%        N/A       100%        8
 Death's Door             Necr           20%        N/A       100%        9


Dungeon Overview and Level Annotations

Branches:
Dungeon (15/15)            Temple (1/1) D:5            Lair (5/5) D:8
 Shoals (4/4) Lair:2        Snake (4/4) Lair:2        Slime (5/5) Lair:4
    Orc (2/2) D:9             Elf (3/3) Orc:2        Vaults (5/5) D:13
  Crypt (0/3) Vaults:2     Depths (4/4) D:15            Zot (5/5) Depths:4
  IceCv (visited)

Altars:
Ashenzari
Cheibriados
Dithmenos
Elyvilon
Fedhas
Gozag
Hepliaklqana
Kikubaaqudgha
Makhleb
Nemelex Xobeh
Okawaru
Qazlal
Ru
Sif Muna
Trog
Uskayaw
Vehumet
Wu Jian
Xom
Yredelemnul
The Shining One
Beogh
Jiyva

Shops:
D:2 (   D:5 (   D:6 *   Orc:2 ?!(*   Elf:1 ?   Elf:3 [   Snake:1 *
Snake:3 =:=   Snake:4 ?   Vaults:2 [   Vaults:5 :?!?!

Portals:
Hell: Depths:1 Depths:2 Depths:3 Depths:4
Abyss: Depths:3
Pandemonium: Depths:2
Ziggurat: Depths:1


Innate Abilities, Weirdness & Mutations

You are amphibious.
You cover ground slowly.
You can hop long distances.
You have an extended range of vision and can be seen from far away.
You are agile. (Dex +4, Str/Int -1)
Your flesh is very cold resistant. (rC++)
You are frail. (-10% HP)
Your magical capacity is low. (-10% MP)
You passively map a small area around you.


Message History

You feel charge building up...
The demonspawn blood saint closely misses you.
You block the demonspawn blood saint's attack.
The electricity discharges through the demonspawn blood saint!!!
The demonspawn blood saint vaporises in an electric haze!
You kill the demonspawn blood saint!
Vehumet accepts your kill.
You feel your power returning.
A hellwing comes into view.
Things that are here:
a +0 dagger; a +0 robe The hellwing swoops through the air toward you!
You block the hellwing's attack.
Your shield discharges, shocking the hellwing!
You block the hellwing's attack.
Your shield discharges, shocking the hellwing!
There is a stone staircase leading up here.
Casting: Maxwell's Capacitive Coupling (mildly dangerous; 1% risk of failure)
Confirm with . or Enter, or press ? or * to list all spells.
You begin accumulating electric charge. (Press . to continue charging.)
You feel charge building up... You block the hellwing's attack. x2
You feel charge building up... You block the hellwing's attack.
Your shield discharges, shocking the hellwing!
You block the hellwing's attack.
Your shield discharges, shocking the hellwing!
You feel charge building up... The hellwing closely misses you.
The hellwing barely misses you.
The electricity discharges through the hellwing.
The hellwing vaporises in an electric haze!
You kill the hellwing!
Vehumet accepts your kill.
You start resting.
Your magical contamination has completely faded away.
You start resting.
Magic restored.
You fly upwards.
There is a stone staircase leading down here.
There is a staircase leading out of the dungeon here.
You have escaped!

.......##.##.#.......#.#.#.#.#
.......##.##.#######.#.#.#.#.#
.......##.##.........#.#.#.#.#
.....###...#.#######.#.#.#.#.#
.............#.......#.#.#.#.#
.....###....######.#.#.#.#.###
#...## ##.#..#...#.#.#...#.#
##.## #.#..#.#.#.#.#####.#
##.######.#.##.#@#.#.#.....#
..........#.##.###.#.#.#########
.#.....####.##.....#.......#...##
...###.# #.########.#######.....
.....#.####.###..##..###.........
.#.#.#.........................##
.#...............##.####..###..#
.###.######.#######.# #..# #..#
.....# #.# #.# #..###..#


There were no monsters in sight!

Vanquished Creatures
  the Royal Jelly (Slime:5)
  3 dread liches
  A pandemonium lord (Zot:1)
  6 ancient liches
  5 orbs of fire (Zot:5)
  Xtahua (Vaults:3)
  Josephina (Zot:1)
  Parghit (Zot:1)
  6 Killer Klowns
  7 caustic shrikes
  Vashnia (Snake:3)
  8 golden dragons
  2 curse toes
  The ghost of Zuofef the Metallomancer, a veteran GrEE of Gozag (Depths:3)
  2 bone dragons
  2 electric golems (Zot:5)
  A Tzitzimitl (Zot:2)
  2 doom hounds (Zot:2)
  2 hellephants (Zot:1)
  An Ice Fiend (Zot:4)
  Jorgrun (Shoals:2)
  18 tentacled monstrosities
  27 Orb Guardians
  2 walking crystal tomes
  Mlioglotl (Shoals:1)
  Grunn (Zot:2)
  4 titans (Vaults:5)
  6 liches
  13 sphinxes
  3 deep elf blademasters
  2 deep elf master archers (Elf:3)
  Asterion (Depths:1)
  30 acid blobs
  The ghost of scarr the Severer, an adept CoMo of Qazlal (Shoals:2)
  A kraken (Shoals:4)
  8 quicksilver dragons
  7 death cobs
  Frances (Snake:2)
  3 Executioners
  3 tentacled starspawn (Abyss:3)
  Polyphemus (Shoals:3)
  The ghost of Triskal the Bludgeoner, an adept TrGl of Okawaru (Elf:1)
  9 tengu reavers
  7 azure jellies
  9 shadow dragons
  17 storm dragons
  3 nagarajas
  The ghost of Vadun the Blocker, an adept FoFi of the Shining One (Shoals:3)
  14 rockslimes
  8 draconian monks
  8 protean progenitors
  6 draconian shifters
  12 fire giants
  An emperor scorpion (shapeshifter) (Zot:1)
  4 iron dragons
  2 draconian knights
  21 vault wardens
  3 draconian scorchers
  6 deep elf sorcerers
  15 frost giants
  An angel (D:5)
  2 balrugs (Depths:2)
  2 draconian stormcallers
  3 ghost moths
  3 orc warlords
  2 deep elf elementalists (Elf:3)
  4 reapers
  2 spriggan defenders (Depths:2)
  9 quicksilver oozes
  A demonspawn blood saint (D:2)
  4 draconian annihilators
  25 ironbound preservers
  33 very ugly things
  3 vampire knights
  14 stone giants
  12 formless jellyfish
  10 deep elf demonologists
  12 black draconians
  11 green draconians
  8 deep elf death magi
  10 deep elf annihilators
  A lorocyproca (Zot:5)
  10 spark wasps
  The ghost of Etuge the Carver, a journeyman CoGl of Trog (Lair:2)
  A red draconian (shapeshifter) (Zot:1)
  6 ironbound thunderhulks
  2 minotaurs (Shoals:4)
  4 purple draconians
  8 war gargoyles
  8 white draconians
  12 dire elephants
  5 yellow draconians
  6 red draconians
  9 ettins
  2 merfolk javelineers
  Snorg (D:14)
  2 entropy weavers
  8 fire dragons
  2 blizzard demons
  2 crystal guardians (Vaults:4)
  12 deep elf high priests
  14 yaktaur captains
  3 jiangshi
  A quicksilver dragon skeleton (Depths:2)
  13 great orbs of eyes
  44 vault guards
  6 merfolk impalers
  8 ice dragons
  5 rakshasas
  2 salamander tyrants (Snake:4)
  7 spriggan air magi
  4 hydras
  The ghost of MiniTore the Cleaver, a journeyman CoBe of Trog (D:11)
  14 ironbound frosthearts
  A death knight (D:15)
  A catoblepas (shapeshifter) (Zot:1)
  12 centaur warriors
  2 peacekeepers (Vaults:4)
  2 alligator snapping turtles
  5 catoblepae
  14 anacondas
  3 ogre magi
  8 boulder beetles
  3 merfolk aquamancers
  7 two-headed ogres
  4 merfolk avatars
  2 alligators
  26 dancing weapons
  A two-headed ogre (shapeshifter) (Depths:4)
  15 death yaks
  16 satyrs
  6 deep troll shamans
  4 tengu warriors
  8 deep troll earth magi
  A sphinx skeleton (Depths:1)
  4 demonic crawlers (D:14)
  14 naga sharpshooters
  6 orc high priests
  2 vampire magi
  6 spriggan berserkers
  8 shock serpents
  7 naga warriors
  A soul eater (Depths:3)
  2 occultists
  A shock serpent (shapeshifter) (Elf:1)
  21 hell knights
  A titan skeleton (Vaults:5)
  Amaemon (D:11)
  6 salamander mystics
  4 skysharks
  A storm dragon zombie (Vaults:4)
  2 sixfirhies
  2 sun demons
  27 deep elf knights
  6 iron trolls
  A spatial maelstrom (Abyss:3)
  A fire crab (shapeshifter) (Elf:1)
  10 sea snakes
  60 deep trolls
  A death drake (Abyss:3)
  3 flayed ghosts
  2 shadow wraiths (Vaults:5)
  A deep troll (shapeshifter) (Vaults:5)
  2 quicksilver dragon simulacra (Zot:1)
  A golden dragon skeleton (Depths:2)
  10 mana vipers
  A spectral anaconda (Lair:5)
  12 naga ritualists
  4 glowing orange brains
  A mana viper (shapeshifter) (Zot:1)
  A tengu zombie (Depths:2)
  8 lindwurms
  18 orc knights
  2 spriggan druids (Elf:1)
  10 phantasmal warriors
  10 deep elf archers
  26 ironbound convokers
  An obsidian statue (Lair:5)
  8 arcanists
  2 glowing orange brains (shapeshifter)
  4 large abominations (Abyss:3)
  13 necromancers
  A tengu skeleton (Vaults:4)
  30 harpies
  2 fire giant zombies
  7 shining eyes
  38 deep elf pyromancers
  29 deep elf zephyrmancers
  18 fauns
  6 orc sorcerers
  A moth of wrath (shapeshifter) (Vaults:5)
  18 manticores
  A faun (shapeshifter) (Vaults:5)
  29 ugly things
  A shadow dragon skeleton (Depths:1)
  18 moths of wrath
  6 cyclopes
  14 salamanders
  17 elephants
  A cyclops (shapeshifter) (Depths:2)
  A stone giant skeleton (Vaults:4)
  3 meliai (D:13)
  32 black mambas
  18 vault sentinels
  2 water nymphs
  An ice statue (IceCv)
  2 merfolk sirens
  12 naga magi
  3 kobold blastminers
  An apocalypse crab (Zot:1)
  A smoke demon (Zot:1)
  4 guardian serpents
  5 eyes of devastation
  2 gargoyles
  An orange demon (D:11)
  2 cane toads (shapeshifter)
  14 cane toads
  2 unseen horrors (D:13)
  5 rime drakes
  A tormentor (Depths:2)
  2 kobold demonologists
  22 yaktaurs
  A golden dragon simulacrum (Depths:1)
  4 tengu conjurers
  9 komodo dragons
  35 merfolk
  A troll (shapeshifter) (Elf:1)
  5 freezing wraiths
  3 catoblepas skeletons (Abyss:3)
  5 trolls
  2 human zombies
  A hellwing (D:2)
  A polar bear (shapeshifter) (D:14)
  A tarantella (shapeshifter) (D:14)
  3 wind drakes
  A hornet (shapeshifter) (D:13)
  12 polar bears
  8 hornets
  Grinder (D:3)
  An elf zombie (Vaults:5)
  A snapping turtle (shapeshifter) (Zot:1)
  8 snapping turtles
  2 meliai (shapeshifter)
  A draconian simulacrum (Zot:1)
  10 blink frogs
  11 glass eyes
  A stone giant simulacrum (Vaults:4)
  A jumping spider (shapeshifter) (Elf:1)
  An air elemental (Elf:1)
  A centaur simulacrum (D:14)
  21 water elementals
  2 culicivoras (shapeshifter)
  An ettin skeleton (Vaults:3)
  115 slime creatures
  9 spriggans
  4 small abominations
  2 wraiths
  3 vampires (D:11)
  3 wyverns
  2 shadows
  7 basilisks
  2 death yak simulacra (Lair:5)
  79 yaks
  2 fire elementals (Elf:2)
  3 fire bats (Depths:4)
  4 wargs
  19 golden eyes
  4 redbacks
  2 neqoxecs
  A steam dragon (Lair:2)
  A swamp worm (shapeshifter) (Vaults:5)
  4 vampire mosquitoes (D:11)
  3 spatial vortices (Abyss:3)
  2 acid dragons
  40 nagas
  A moth of wrath simulacrum (Zot:1)
  9 water moccasins
  2 meliai simulacra (D:11)
  2 black bears (Lair:2)
  4 sky beasts
  30 orc warriors
  3 laughing skulls
  7 ogres
  A boggart (shapeshifter) (Vaults:5)
  15 boggarts
  15 centaurs
  30 wolves
  4 kobold brigands
  2 phantoms
  9 bullfrogs
  A gnoll sergeant (D:7)
  A cane toad simulacrum (Lair:5)
  3 human skeletons
  9 earth elementals
  A burial acolyte (D:7)
  12 wights
  A killer bee (D:9)
  A human simulacrum (Vaults:4)
  8 electric eels
  A howler monkey (D:6)
  3 bombardier beetles
  22 orc priests
  3 hounds
  A jelly (D:7)
  A gnoll bouda (D:6)
  Crazy Yiuf (D:2)
  2 iguanas (D:5)
  A sleepcap (D:5)
  Natasha (thrice) (D:3)
  25 orc wizards
  Robin (D:3)
  9 gnolls
  6 adders
  2 shadow imps (D:7)
  14 white imps
  3 adder zombies (D:7)
  6 dart slugs
  3 ribbon worms
  64 orcs
  3 ball pythons
  8 endoplasms
  2 giant cockroaches
  2 gnoll zombies (D:7)
  18 goblins
  7 hobgoblins
  3 quokkas
  6 bats
  4 frilled lizards
  22 kobolds
  2 kobold zombies (D:7)
  3 rats
  3 aspiring fleshes
  A fire vortex (Depths:1)
  3 starspawn tentacles (Abyss:3)
  12 tentacles (Shoals:4)
2486 creatures vanquished.

Vanquished Creatures (collateral kills)
  A juggernaut (Depths:4)
  Zenata (Elf:3)
  A lich (Depths:3)
  An acid blob (Slime:2)
  4 rockslimes (Slime:2)
  A spriggan defender (Depths:3)
  A broodmother (Zot:2)
  A very ugly thing (Depths:1)
  A deep elf death mage (Elf:3)
  3 white draconians
  An ice dragon (Depths:4)
  A boulder beetle (Abyss:3)
  A deep troll (Depths:4)
  A torpor snail (shapeshifter) (Depths:3)
  An orc wizard (Orc:2)
  An orc (Orc:2)
21 creatures vanquished.

Vanquished Creatures (others)
  An eldritch tentacle (Zot:5)
  A shadow dragon (Depths:4)
  A stone giant (Depths:2)
  A deep elf knight (Elf:2)
  A salamander (Snake:4)
  A yellow draconian simulacrum (Zot:1)
  A naga (Snake:4)
  An orc warrior (Elf:3)
  An orc priest (Orc:2)
  An orc wizard (Orc:2)
  141 fire vortices
  114 fulminant prisms
  A starspawn tentacle (Abyss:3)
  9 tentacles (Shoals:4)
275 creatures vanquished.

Grand Total: 2782 creatures vanquished

Notes
Turn   | Place    | Note
-------+----------+-------------------------------------------
     0 | D:1      | roseri the Barachi Wanderer began the quest for the Orb.
     0 | D:1      | roseri set off with the following items: a +0 quarterstaff,
                  | a wand of polymorph (7), a potion of curing, a +0 robe; and
                  | the following spell memorised: Apportation; and the
                  | following spells available to memorise: Lesser Beckoning,
                  | Momentum Strike.
     0 | D:1      | Reached XP level 1. HP: 13/13 MP: 2/2
   361 | D:1      | Reached XP level 2. HP: 15/19 MP: 4/4
   379 | D:1      | Learned a level 2 spell: Momentum Strike
   598 | D:1      | Reached skill level 2 in Spellcasting
  1006 | D:2      | Reached XP level 3. HP: 24/24 MP: 6/6
  1009 | D:2      | Learned a level 2 spell: Searing Ray
  1017 | D:2      | Found Qyzumn's Antique Weapon Boutique.
  1029 | D:2      | Reached skill level 1 in Conjurations
  1564 | D:2      | Reached skill level 5 in Translocations
  1791 | D:2      | Found a runed translucent door.
  1792 | D:2      | Noticed Crazy Yiuf
  1819 | D:2      | Reached XP level 4. HP: 30/30 MP: 1/7
  2269 | D:3      | Noticed Natasha
  2282 | D:3      | Killed Natasha
  2382 | D:3      | Found a faded altar of an unknown god.
  2485 | D:3      | Reached skill level 3 in Spellcasting
  2503 | D:3      | Noticed Natasha
  2559 | D:3      | Noticed Grinder
  2671 | D:3      | Killed Natasha
  2672 | D:3      | Reached XP level 5. HP: 35/35 MP: 1/9
  2742 | D:3      | Noticed Natasha
  2749 | D:3      | Killed Natasha
  2850 | D:3      | Learned a level 4 spell: Fulminant Prism
  2853 | D:3      | Found a shimmering altar of Xom.
  2905 | D:4      | Found a bloodstained altar of Trog.
  3180 | D:3      | Noticed Robin
  3196 | D:3      | Killed Robin
  3498 | D:3      | Paralysed by Grinder for 4 turns
  3522 | D:3      | Killed Grinder
  3523 | D:3      | Reached skill level 4 in Spellcasting
  3523 | D:3      | Reached XP level 6. HP: 21/41 MP: 0/12
  3955 | D:4      | Identified the +1 helmet "Soduacum" {+Blink Will+ Stlth+}
  4097 | D:4      | Reached XP level 7. HP: 35/46 MP: 5/13
  4528 | D:5      | Entered Level 5 of the Dungeon
  4636 | D:5      | Reached skill level 5 in Spellcasting
  4718 | D:5      | Reached skill level 5 in Conjurations
  4885 | D:5      | Found a staircase to the Ecumenical Temple.
  5007 | Temple   | Entered the Ecumenical Temple
  5059 | Temple   | Became a worshipper of Vehumet
  5221 | D:5      | Found Ruthrorch's Weapon Boutique.
  5651 | D:5      | Found a sparkling altar of Nemelex Xobeh.
  5750 | D:6      | Found Satoycw's General Store.
  5783 | D:5      | Reached XP level 8. HP: 52/52 MP: 9/15
  5976 | D:6      | Found Moxtoegh's Specific Store.
  5988 | D:6      | Bought a potion of degeneration for 11 gold pieces
  6164 | D:6      | You fall into a shaft and drop 3 floors!
  6164 | D:9      | Found a white marble altar of Elyvilon.
  6187 | D:9      | Noticed a yak
  6187 | D:9      | Noticed a yak
  6187 | D:9      | Noticed a yak
  6187 | D:9      | Noticed a yak
  6187 | D:9      | Noticed a yak
  6319 | D:9      | Noticed a yak
  6319 | D:9      | Noticed a yak
  6319 | D:9      | Noticed a yak
  6351 | D:9      | Killed a yak
  6352 | D:9      | Reached skill level 6 in Spellcasting
  6431 | D:9      | Noticed a yak
  6843 | D:10     | Entered Level 10 of the Dungeon
  6843 | D:10     | Noticed a yak
  6843 | D:10     | Noticed a yak
  6843 | D:10     | Noticed a yak
  6843 | D:10     | Noticed a yak
  7031 | D:9      | Killed a yak
  7046 | D:9      | Gained mutation: You are frail. (-10% HP) [potion of
                  | mutation]
  7046 | D:9      | Gained mutation: You have a pair of small horns on your
                  | head. [potion of mutation]
  7046 | D:9      | Gained mutation: You have large cloven feet. [potion of
                  | mutation]
  7057 | D:9      | Killed a yak
  7058 | D:9      | Reached skill level 5 in Alchemy
  7069 | D:9      | Killed a yak
  7523 | D:8      | Noticed a troll
  7535 | D:8      | Killed a troll
  7536 | D:8      | Reached XP level 9. HP: 51/51 MP: 12/18
  7612 | D:8      | Found a staircase to the Lair.
  7914 | D:7      | Found an ancient bone altar of Kikubaaqudgha.
  8046 | D:7      | Reached * piety under Vehumet
  8046 | D:7      | Offered knowledge of Foxfire by Vehumet.
  8727 | D:7      | Found a shadowy altar of Dithmenos.
  9058 | D:7      | Found a glowing golden altar of the Shining One.
  9114 | D:7      | Found a basalt altar of Yredelemnul.
  9155 | D:7      | Reached skill level 1 in Fighting
  9232 | D:6      | Reached skill level 7 in Spellcasting
  9284 | D:6      | Found a stormy altar of Qazlal.
  9404 | D:6      | Found a blossoming altar of Fedhas.
  9905 | D:6      | Learned a level 4 spell: Iskenderun's Mystic Blast
  9976 | D:8      | Offered knowledge of Static Discharge by Vehumet.
  9976 | D:8      | Reached ** piety under Vehumet
  9998 | D:7      | Reached skill level 1 in Armour
 10004 | D:7      | Learned a level 2 spell: Static Discharge
 10063 | D:7      | Learned a level 2 spell: Lesser Beckoning
 10075 | D:8      | Reached XP level 10. HP: 63/63 MP: 21/21
 10663 | D:8      | Found a hide-covered altar of Uskayaw.
 10666 | D:8      | Found a snail-covered altar of Cheibriados.
 10976 | D:9      | Reached skill level 10 in Conjurations
 11128 | D:9      | Reached skill level 8 in Spellcasting
 11753 | D:9      | Offered knowledge of Stone Arrow by Vehumet.
 11850 | D:9      | Learned a level 3 spell: Stone Arrow
 11983 | D:9      | Reached skill level 5 in Fighting
 11995 | D:9      | Reached skill level 5 in Armour
 12000 | D:9      | Reached *** piety under Vehumet
 12099 | D:9      | Found a staircase to the Orcish Mines.
 12336 | D:9      | Identified a scroll of acquirement
 12336 | D:9      | Acquired a book of Lightning
 12550 | D:10     | Noticed a two-headed ogre
 12556 | D:10     | Noticed an arcanist
 12561 | D:10     | Noticed an arcanist
 12563 | D:10     | Noticed a deep elf pyromancer
 12778 | D:2      | Killed Crazy Yiuf
 12978 | Lair:1   | Entered Level 1 of the Lair of Beasts
 12978 | Lair:1   | Noticed a cane toad
 12981 | Lair:1   | Killed a cane toad
 12982 | Lair:1   | Reached XP level 11. HP: 72/72 MP: 16/23
 13083 | Lair:1   | Reached skill level 9 in Spellcasting
 13574 | Lair:1   | Reached skill level 10 in Spellcasting
 13628 | Lair:1   | Reached skill level 1 in Air Magic
 13937 | Lair:1   | Reached skill level 5 in Dodging
 14536 | Lair:2   | Offered knowledge of Mephitic Cloud by Vehumet.
 14828 | Lair:2   | Noticed a lindwurm
 14922 | Lair:2   | Reached skill level 11 in Spellcasting
 15019 | Lair:2   | Reached **** piety under Vehumet
 15170 | Lair:2   | Reached XP level 12. HP: 76/79 MP: 27/27
 15327 | Lair:2   | Offered knowledge of Ignite Poison by Vehumet.
 15328 | Lair:2   | Reached skill level 12 in Spellcasting
 15400 | Lair:2   | Identified the ring "Afephydgh" {rF+ rCorr AC+4}
 15513 | Lair:2   | Found a runed translucent door.
 15515 | Lair:2   | Identified the +5 spear of the Snake Pit {freeze, rF+++
                  | Int+2 Dex-2 SInv}
 15516 | Lair:2   | Noticed Etuge's ghost (journeyman CoGl)
 15523 | Lair:2   | Found a staircase to the Shoals.
 15530 | Lair:2   | Reached skill level 5 in Air Magic
 15739 | Lair:2   | Found a staircase to the Snake Pit.
 15857 | Lair:2   | Learned a level 5 spell: Arcjolt
 15922 | Lair:2   | Learned a level 6 spell: Plasma Beam
 15927 | Lair:3   | Reached skill level 1 in Fire Magic
 16314 | Lair:3   | Identified the ring "Sul Pes" {rPois rF+ Dex+6 Slay+3}
 16352 | Lair:3   | Noticed a six-headed hydra
 16367 | Lair:3   | Killed a six-headed hydra
 16372 | Lair:3   | Noticed a catoblepas
 16653 | Lair:3   | Killed a catoblepas
 16654 | Lair:3   | Reached skill level 5 in Fire Magic
 17751 | Lair:4   | Gained mutation: You can hop long distances. [Barachi
                  | growth]
 17751 | Lair:4   | Reached XP level 13. HP: 83/83 MP: 13/29
 18569 | Lair:4   | Reached skill level 13 in Spellcasting
 18747 | Lair:4   | Reached ***** piety under Vehumet
 18910 | Lair:4   | Found a viscous altar of Jiyva.
 18915 | Lair:4   | Found a staircase to the Slime Pits.
 19223 | Lair:5   | Entered Level 5 of the Lair of Beasts
 19226 | Lair:5   | Offered knowledge of Bombard by Vehumet.
 19860 | Lair:5   | Reached skill level 14 in Spellcasting
 20742 | Lair:5   | Noticed a dire elephant
 20772 | Lair:5   | Noticed a dire elephant
 20777 | Lair:5   | Killed a dire elephant
 20778 | Lair:5   | Reached XP level 14. HP: 93/93 MP: 4/32
 21490 | Lair:5   | Identified the +0 leather armour "Raegob" {Int+3}
 21694 | Lair:5   | Killed a dire elephant
 21833 | Lair:5   | Lost mutation: You have large cloven feet. [potion of
                  | mutation]
 21833 | Lair:5   | Lost mutation: You are frail. (-10% HP) [potion of
                  | mutation]
 21833 | Lair:5   | Gained mutation: You are dopey. (Int -2) [potion of
                  | mutation]
 21843 | Lair:5   | Lost mutation: You have a pair of small horns on your head.
                  | [potion of mutation]
 21843 | Lair:5   | Lost mutation: You are dopey. (Int -2) [potion of mutation]
 21843 | Lair:5   | Gained mutation: You are strong-willed. (Will+) [potion of
                  | mutation]
 21843 | Lair:5   | Gained mutation: Your flesh is cold resistant. (rC+)
                  | [potion of mutation]
 22034 | D:9      | Acquired 1251 gold pieces
 22036 | D:9      | Acquired 751 gold pieces
 22038 | D:9      | Acquired 416 gold pieces
 22099 | D:6      | Bought a potion of heal wounds for 55 gold pieces
 22099 | D:6      | Bought a wand of acid (3) for 138 gold pieces
 22175 | D:2      | Bought a transparent short sword for 184 gold pieces
 22175 | D:2      | Identified the +1 short sword "Hydraslayer" {drain, rPois
                  | rF+} (You bought it in a shop on level 2 of the Dungeon)
 22175 | D:2      | Bought a scorched sling for 149 gold pieces
 22175 | D:2      | Identified the +5 sling of Peril {freeze, Str+6 Dex+3} (You
                  | bought it in a shop on level 2 of the Dungeon)
 22331 | Orc:1    | Entered Level 1 of the Orcish Mines
 22940 | Orc:2    | Entered Level 2 of the Orcish Mines
 23084 | Orc:2    | Found a staircase to the Elven Halls.
 23160 | Orc:2    | Found a roughly hewn altar of Beogh.
 23401 | Orc:2    | Reached skill level 10 in Fire Magic
 23401 | Orc:2    | Reached skill level 10 in Air Magic
 23432 | Orc:1    | Offered knowledge of Conjure Ball Lightning by Vehumet.
 24502 | Orc:2    | Reached skill level 15 in Spellcasting
 24520 | Orc:2    | Found a roughly hewn altar of Beogh.
 24962 | Orc:2    | Reached skill level 10 in Fighting
 24983 | Orc:2    | Reached skill level 5 in Evocations
 25063 | Orc:2    | Found Derhadgh's General Store.
 25063 | Orc:2    | Found Capsalas's Antique Weapon Boutique.
 25065 | Orc:2    | Found Fuhocs's Distillery.
 25065 | Orc:2    | Found Ditiq's Magic Scroll Boutique.
 25199 | Orc:2    | Bought a steaming hand axe for 272 gold pieces
 25199 | Orc:2    | Identified the +7 hand axe "Ureh" {freeze, Int+5} (You
                  | bought it in a shop on level 2 of the Orcish Mines)
 25199 | Orc:2    | Bought a twisted broad axe for 306 gold pieces
 25199 | Orc:2    | Identified the +8 broad axe "Soar Fab" {freeze, Fly rC-
                  | rCorr Str-2} (You bought it in a shop on level 2 of the
                  | Orcish Mines)
 25499 | D:10     | Found an iron altar of Okawaru.
 25646 | D:10     | Reached skill level 1 in Shields
 25726 | D:10     | Got the Secrets of Axaxaxas mlö
 25881 | D:10     | Got Ts'ui Pên's Octavo of Forking Paths
 25888 | D:10     | Got the Precepts of Combed Thunderclap
 26023 | D:11     | Found a runed translucent door.
 26025 | D:11     | Noticed a frost giant
 26026 | D:11     | Noticed a lich
 26026 | D:11     | Noticed MiniTore's ghost (journeyman CoBe)
 26034 | D:11     | Found a runed translucent door.
 26196 | D:11     | Found a frozen archway.
 26237 | IceCv    | Entered an ice cave
 26265 | IceCv    | Reached XP level 15. HP: 115/115 MP: 27/34
 26518 | IceCv    | Offered knowledge of Yara's Violent Unravelling by Vehumet.
 26564 | IceCv    | Learned a level 5 spell: Yara's Violent Unravelling
 26760 | IceCv    | Reached skill level 5 in Shields
 27308 | IceCv    | Noticed a frost giant
 27315 | IceCv    | Killed a frost giant
 27316 | IceCv    | Reached skill level 16 in Spellcasting
 27607 | IceCv    | Got Fahellig's Precepts of the Crevasse
 27825 | D:11     | Noticed Amaemon
 27830 | D:11     | Killed Amaemon
 29152 | D:12     | Found a portal to a secret trove of treasure.
 29861 | D:13     | Reached skill level 1 in Hexes
 30497 | D:13     | Found a gate to the Vaults.
 30662 | D:14     | Offered knowledge of Spellforged Servitor by Vehumet.
 30937 | D:14     | Noticed Snorg
 30946 | D:14     | Killed Snorg
 31350 | D:14     | Reached XP level 16. HP: 114/131 MP: 12/36
 31754 | D:14     | Identified the ring of Secrets {Wiz rC+ rCorr}
 31924 | D:14     | Got the Parchment of Leucotic Fate
 32168 | D:14     | Found a shimmering blue altar of Sif Muna.
 32537 | D:15     | Entered Level 15 of the Dungeon
 32946 | D:15     | Found a staircase to the Depths.
 33336 | D:15     | Reached skill level 17 in Spellcasting
 33600 | D:15     | Upgraded the game from 0.32-a0-643-ga006e7742e to
                  | 0.32-a0-656-g3542139ebd
 33606 | D:15     | Learned a level 5 spell: Irradiate
 33820 | Snake:1  | Entered Level 1 of the Snake Pit
 34148 | Snake:1  | Found Bewael's General Store.
 34155 | Snake:1  | Bought a potion of curing for 42 gold pieces
 35505 | Snake:2  | Reached skill level 18 in Spellcasting
 35747 | Snake:2  | Noticed a nagaraja
 35748 | Snake:2  | Offered knowledge of Fireball by Vehumet.
 36168 | Snake:2  | Killed a nagaraja
 36429 | Snake:2  | Reached skill level 15 in Fighting
 36855 | Snake:2  | Noticed Frances
 36895 | Snake:2  | Killed Frances
 37118 | Snake:2  | Reached XP level 17. HP: 127/144 MP: 35/39
 37878 | Snake:3  | Noticed Vashnia
 38397 | Snake:3  | Killed Vashnia
 38398 | Snake:3  | Reached skill level 10 in Armour
 38722 | Snake:3  | Found Hievear's Jewellery Shop.
 38724 | Snake:3  | Found Tiseuwyp's Book Shoppe.
 38725 | Snake:3  | Found Zeymn's Jewellery Shop.
 39122 | Snake:4  | Entered Level 4 of the Snake Pit
 39646 | Snake:4  | Offered knowledge of Lee's Rapid Deconstruction by Vehumet.
 40265 | Snake:4  | Found Namif's Magic Scroll Shoppe.
 40273 | Snake:4  | Bought a scroll of teleportation for 57 gold pieces
 40273 | Snake:4  | Bought a scroll of blinking for 142 gold pieces
 40273 | Snake:4  | Bought a scroll of teleportation for 57 gold pieces
 40983 | Snake:4  | Reached skill level 10 in Dodging
 42440 | Snake:4  | Got a serpentine rune of Zot
 42749 | Shoals:1 | Entered Level 1 of the Shoals
 42849 | Shoals:1 | Reached XP level 18. HP: 151/151 MP: 15/40
 43795 | Shoals:1 | Identified the +1 helmet of Rusouff {rPois Dex+5}
 43873 | Shoals:1 | Noticed Mlioglotl
 43889 | Shoals:1 | Killed Mlioglotl
 43890 | Shoals:1 | Reached skill level 19 in Spellcasting
 44705 | Shoals:2 | Noticed scarr's ghost (adept CoMo)
 44732 | Shoals:1 | Reached ****** piety under Vehumet
 45052 | Shoals:2 | Offered knowledge of Starburst by Vehumet.
 45053 | Shoals:2 | Noticed Jorgrun
 45198 | Shoals:1 | Learned a level 6 spell: Starburst
 45203 | Shoals:2 | Killed Jorgrun
 45329 | Shoals:2 | Found a transporter.
 45569 | Shoals:2 | Found a transporter.
 46148 | Shoals:3 | Noticed Polyphemus
 46278 | Shoals:3 | Killed Polyphemus
 46279 | Shoals:3 | Reached skill level 20 in Spellcasting
 46523 | Shoals:3 | Found a transporter.
 46528 | Shoals:3 | Noticed Vadun's ghost (adept FoFi)
 46532 | Shoals:3 | Found a bloodstained altar of Trog.
 47108 | Shoals:3 | Found a transporter.
 47191 | Shoals:4 | Entered Level 4 of the Shoals
 48470 | Shoals:4 | Reached XP level 19. HP: 157/157 MP: 36/43
 49136 | Shoals:4 | Got a barnacled rune of Zot
 49185 | Shoals:4 | Identified the amulet "Gucyt" {RegenMP+ rCorr Stlth+}
 49208 | Shoals:4 | Reached skill level 21 in Spellcasting
 49728 | D:11     | Killed MiniTore's ghost
 49978 | Lair:2   | Killed Etuge's ghost
 50199 | Lair:5   | Got Kikubaaqudgha's Folio of the Sarcophagus
 50623 | Vaults:1 | Entered Level 1 of the Vaults
 50758 | Vaults:1 | Reached skill level 10 in Shields
 51001 | Vaults:1 | Offered knowledge of Fire Storm by Vehumet.
 51001 | Vaults:1 | Offered knowledge of Ignition by Vehumet.
 51001 | Vaults:1 | Offered knowledge of Maxwell's Capacitive Coupling by
                  | Vehumet.
 51068 | Vaults:1 | You are sucked into a shaft and drop 1 floor!
 52543 | Vaults:1 | Reached XP level 20. HP: 164/164 MP: 43/45
 52552 | Vaults:1 | Learned a level 8 spell: Maxwell's Capacitive Coupling
 53584 | Vaults:2 | Found a huge runed translucent gate.
 53584 | Vaults:2 | Found a huge runed translucent gate.
 53585 | Vaults:2 | Found a huge runed translucent gate.
 53587 | Vaults:2 | Found a huge runed translucent gate.
 53606 | Vaults:2 | Found a huge runed translucent gate.
 53607 | Vaults:2 | Found a huge runed translucent gate.
 53607 | Vaults:2 | Found a huge runed translucent gate.
 53607 | Vaults:2 | Found a huge runed translucent gate.
 53607 | Vaults:2 | Found a huge runed translucent gate.
 53608 | Vaults:2 | Found a huge runed translucent gate.
 53608 | Vaults:2 | Found a huge runed translucent gate.
 53608 | Vaults:2 | Found a huge runed translucent gate.
 53608 | Vaults:2 | Found a huge runed translucent gate.
 53609 | Vaults:2 | Found a huge runed translucent gate.
 53610 | Vaults:2 | Found a huge runed translucent gate.
 53610 | Vaults:2 | Found a huge runed translucent gate.
 53610 | Vaults:2 | Found a huge runed translucent gate.
 53610 | Vaults:2 | Found a huge runed translucent gate.
 53612 | Vaults:2 | Found a huge runed translucent gate.
 53613 | Vaults:2 | Found a huge runed translucent gate.
 53613 | Vaults:2 | Found a huge runed translucent gate.
 53619 | Vaults:2 | Found a huge runed translucent gate.
 53620 | Vaults:2 | Found a huge runed translucent gate.
 53620 | Vaults:2 | Found a huge runed translucent gate.
 53620 | Vaults:2 | Found a huge runed translucent gate.
 53620 | Vaults:2 | Found a huge runed translucent gate.
 53620 | Vaults:2 | Found a huge runed translucent gate.
 53622 | Vaults:2 | Found a huge runed translucent gate.
 53623 | Vaults:2 | Found a huge runed translucent gate.
 53623 | Vaults:2 | Found a huge runed translucent gate.
 53628 | Vaults:2 | Found a huge runed translucent gate.
 53630 | Vaults:2 | Found a huge runed translucent gate.
 53631 | Vaults:2 | Found a huge runed translucent gate.
 53632 | Vaults:2 | Found a huge runed translucent gate.
 53632 | Vaults:2 | Found a huge runed translucent gate.
 53633 | Vaults:2 | Found a huge runed translucent gate.
 54705 | Vaults:2 | Found Rimmut's Armour Boutique.
 55022 | Vaults:2 | Reached skill level 15 in Air Magic
 55162 | Vaults:2 | Found a staircase to the Crypt.
 55162 | Vaults:2 | Found an ancient bone altar of Kikubaaqudgha.
 55163 | Vaults:2 | Found a basalt altar of Yredelemnul.
 55487 | Vaults:2 | Got the Atlas of Firn and Conjuring
 55490 | Vaults:2 | Identified the +1 dagger of Fapada {vamp, rPois rC+ rCorr}
 55779 | Vaults:3 | Noticed Xtahua
 55799 | Vaults:3 | Killed Xtahua
 55815 | Vaults:3 | Reached XP level 21. HP: 119/171 MP: 7/46
 56928 | Vaults:3 | Identified the +1 robe of Vuaragum {Regen+ MP+9 Int+3}
 57037 | Vaults:3 | Reached skill level 15 in Shields
 57845 | Vaults:2 | Bought +0 shadow dragon scales for 960 gold pieces
 58029 | D:12     | You paid a toll of +3 shadow dragon scales to enter a
                  | treasure trove
 58030 | Trove    | Entered a treasure trove
 58032 | Trove    | Found the +0 cloak of the Thief {Quiet Slay-3 SInv Stlth+}
 58038 | Trove    | Identified the +1 robe "Qaew" {Dex+3}
 58040 | Trove    | Identified the +11 gold dragon scales "Xoskuar" {rPois rF+
                  | rC+ Regen+ Str+3 Int+4 Stlth+}
 58041 | Trove    | Identified the +1 pair of boots of Tenacity {Int+3 Dex-3
                  | Stlth+}
 58042 | Trove    | Identified the +1 pair of boots of Supple Strength {rF+
                  | Dex+3}
 58045 | Trove    | Identified the +3 ring mail of Sif Muna's Castigation
                  | {rElec rCorr Str-4 Dex-3}
 58046 | Trove    | Identified the scarf of the Carpenter {harm, rC- Dex+6}
 58048 | Trove    | Identified the -2 hat of the Wumpus {+Blink Int-5 Slay+5}
 58052 | Trove    | Identified the +1 helmet of Salvation {Str+3 Stlth+}
 58053 | Trove    | Identified the +0 pair of boots of the Villain {MP+9 Str+3
                  | Stlth+}
 58375 | Shoals:2 | Killed scarr's ghost
 58479 | Shoals:2 | Identified the +1 hat "Jezy" {rElec rCorr}
 58588 | Shoals:3 | Killed Vadun's ghost
 58685 | Shoals:3 | Identified the ring "Sanoap" {Wiz Dex+5}
 59880 | Vaults:4 | Reached skill level 22 in Spellcasting
 60423 | Vaults:4 | Reached skill level 15 in Fire Magic
 60444 | Vaults:4 | Reached XP level 22. HP: 178/178 MP: 7/48
 61189 | Vaults:4 | Learned a level 8 spell: Ignition
 61200 | Vaults:5 | Entered Level 5 of the Vaults
 61534 | Vaults:5 | Noticed a golden dragon
 61712 | Vaults:5 | Noticed an ancient lich
 61721 | Vaults:4 | Killed a golden dragon
 61944 | Vaults:5 | Reached skill level 23 in Spellcasting
 62366 | Vaults:5 | Found Myzyosaf's Magic Scroll Shop.
 62372 | Vaults:5 | Bought a scroll of teleportation for 63 gold pieces
 62372 | Vaults:5 | Bought a scroll of blinking for 157 gold pieces
 62372 | Vaults:5 | Bought 3 scrolls of teleportation for 189 gold pieces
 62387 | Vaults:5 | Found Mibi's Magic Scroll Boutique.
 62392 | Vaults:5 | Bought a scroll of fog for 68 gold pieces
 62392 | Vaults:5 | Bought a scroll of amnesia for 68 gold pieces
 62587 | Vaults:5 | Reached XP level 23. HP: 169/184 MP: 42/50
 62600 | Vaults:5 | Learned a level 9 spell: Fire Storm
 63116 | Vaults:5 | Reached skill level 15 in Conjurations
 63130 | Vaults:5 | Noticed a golden dragon
 63134 | Vaults:5 | Killed a golden dragon
 63463 | Vaults:5 | Killed an ancient lich
 63784 | Vaults:5 | Got a silver rune of Zot
 63987 | Vaults:5 | Found Qoroek's Book Shoppe.
 64156 | Vaults:5 | Found Elliup Jiqu's Distillery.
 64161 | Vaults:5 | Bought a potion of curing for 42 gold pieces
 64161 | Vaults:5 | Bought a potion of curing for 42 gold pieces
 64161 | Vaults:5 | Bought a potion of curing for 42 gold pieces
 64161 | Vaults:5 | Bought a potion of curing for 42 gold pieces
 64161 | Vaults:5 | Bought a potion of curing for 42 gold pieces
 64173 | Vaults:5 | Found Ikon's Distillery.
 64177 | Vaults:5 | Bought a potion of magic for 96 gold pieces
 64187 | Vaults:5 | Learned a level 7 spell: Orb of Destruction
 64698 | Snake:3  | Bought the amulet of Helaut {rPois Regen+} for 700 gold
                  | pieces
 65234 | Orc:2    | Bought a scroll of enchant armour for 97 gold pieces
 65234 | Orc:2    | Bought a scroll of teleportation for 39 gold pieces
 65234 | Orc:2    | Bought a scroll of teleportation for 39 gold pieces
 65436 | Slime:1  | Entered Level 1 of the Pits of Slime
 65443 | Slime:1  | Paralysed by a formless jellyfish for 1 turns
 65716 | Slime:2  | Gained mutation: Armour fits poorly on your strangely
                  | shaped body. [a shining eye]
 67540 | Slime:5  | Entered Level 5 of the Pits of Slime
 67554 | Slime:5  | Reached XP level 24. HP: 149/191 MP: 24/50
 67682 | Slime:5  | Noticed the Royal Jelly
 68214 | Slime:5  | Found a viscous altar of Jiyva.
 68216 | Slime:5  | Found the macabre finger necklace {Finger+ rN+}
 68236 | Slime:5  | Killed the Royal Jelly
 68443 | Slime:5  | Identified the +5 sling of the Dwarven Hall {heavy, Dex+4}
 68502 | Slime:5  | Identified the +1 scale mail of the Beginning {+Blink +Inv
                  | rF- Will+}
 68506 | Slime:5  | Got a slimy rune of Zot
 68507 | Slime:5  | Identified the +7 short sword "Beonocw" {freeze, Fly rC+
                  | Will+ Str-2}
 68511 | Slime:5  | Identified the +3 robe of Eternal Vigilance {+Inv rF+ MP+9
                  | Int+3}
 68567 | Slime:5  | Acquired 316 gold pieces
 68569 | Slime:5  | Identified the +1 plate armour of Meroykux {Rampage MP+9
                  | Stlth+}
 68579 | Slime:5  | Identified the +3 great mace of Courage {protect, rF+ MP+9}
 69034 | Lair:4   | Lost mutation: Armour fits poorly on your strangely shaped
                  | body. [potion of mutation]
 69034 | Lair:4   | Lost mutation: Your flesh is cold resistant. (rC+) [potion
                  | of mutation]
 69034 | Lair:4   | Gained mutation: Your flesh is cold resistant. (rC+)
                  | [potion of mutation]
 69034 | Lair:4   | Gained mutation: Your spells are a little easier to cast,
                  | but a little less powerful. [potion of mutation]
 69034 | Lair:4   | Gained mutation: Your skin changes colour to match your
                  | surroundings (Stealth+). [potion of mutation]
 69035 | Lair:4   | Lost mutation: Your spells are a little easier to cast, but
                  | a little less powerful. [potion of mutation]
 69035 | Lair:4   | Lost mutation: You are strong-willed. (Will+) [potion of
                  | mutation]
 69035 | Lair:4   | Gained mutation: Your magical capacity is low. (-10% MP)
                  | [potion of mutation]
 69035 | Lair:4   | Gained mutation: Your flesh is very cold resistant. (rC++)
                  | [potion of mutation]
 69182 | Elf:1    | Entered Level 1 of the Elven Halls
 69838 | Elf:1    | Found Nisuubb's Magic Scroll Boutique.
 69847 | Elf:1    | Bought a scroll of acquirement for 728 gold pieces
 69847 | Elf:1    | Acquired 706 gold pieces
 69940 | Elf:1    | Found a runed translucent door.
 69940 | Elf:1    | Noticed Triskal's ghost (adept TrGl)
 70439 | Elf:1    | Killed Triskal's ghost
 70454 | Elf:1    | Identified the +6 dagger of the Bear {drain, ^Contam Will++
                  | rCorr Dex+3}
 70503 | Elf:2    | Identified the +3 great mace "Idogrocemi" {flame, rCorr
                  | Int+4}
 71490 | Elf:2    | Found a runed translucent gate.
 71491 | Elf:2    | Found a runed translucent gate.
 71493 | Elf:2    | Found a runed translucent gate.
 72830 | Elf:3    | Entered Level 3 of the Elven Halls
 73211 | Elf:3    | Found Emexziuh's Antique Armour Shoppe.
 73212 | Elf:3    | Noticed Zenata
 73222 | Elf:3    | Killed Zenata
 73725 | Elf:3    | Reached XP level 25. HP: 197/197 MP: 34/45
 74033 | Abyss:2  | Cast into level 2 of the Abyss (a deep elf demonologist)
 74097 | Abyss:2  | Found a bloodstained altar of Trog.
 74158 | Abyss:3  | Reached skill level 24 in Spellcasting
 74220 | Abyss:3  | Got an abyssal rune of Zot
 74363 | Elf:3    | Escaped the Abyss
 74711 | Abyss:3  | Cast into level 3 of the Abyss (a deep elf demonologist)
 74734 | Elf:3    | Escaped the Abyss
 74751 | Elf:3    | Identified the staff of the Burning Big Fish {rN+ Will-
                  | Summ Earth}
 74926 | Elf:3    | Identified the +7 shadow dragon scales of an ice cave
                  | {rElec rPois Stlth++++}
 74928 | Elf:3    | Identified the +1 trident of the Onslaught {holy, rC+
                  | Stlth+}
 75194 | Elf:3    | Identified the staff of Eternal Vigilance {*Corrode rC+
                  | Dex+8 Stlth- Ice}
 75195 | Elf:3    | Identified the staff of Harmony {rC+ Str+3 Ice}
 75209 | Elf:3    | Identified the +1 sling "Muliss" {flame, rElec}
 75593 | Depths:1 | Entered Level 1 of the Depths
 75593 | Depths:1 | Found a gateway to Hell.
 75710 | Depths:1 | Noticed Asterion
 75716 | Depths:1 | Killed Asterion
 75883 | Depths:1 | Reached skill level 15 in Armour
 75907 | Depths:1 | Identified the ring "Iqod" {+Blink rCorr Int+5 Dex-3}
 76335 | Depths:1 | Paralysed by a vampire knight for 3 turns
 76761 | Depths:1 | Noticed a dread lich
 76853 | Depths:1 | Killed a dread lich
 76854 | Depths:1 | Noticed an ancient lich
 76858 | Depths:1 | Killed an ancient lich
 76879 | Depths:1 | Found a one-way gateway to a ziggurat.
 77602 | Depths:1 | Reached XP level 26. HP: 180/215 MP: 15/45
 78024 | Depths:2 | Identified the staff of Salt {rPois rF- rCorr SInv Fire
                  | Alchemy}
 78327 | Depths:2 | Identified the +1 short sword of Doch {flame, rC+ Will+
                  | Int-5}
 79444 | Depths:2 | Found a one-way gate leading to the halls of Pandemonium.
 80239 | Depths:3 | Found a one-way gate to the infinite horrors of the Abyss.
 80619 | Depths:3 | Found a runed translucent gate.
 80620 | Depths:3 | Found a runed translucent gate.
 80620 | Depths:3 | Found a runed translucent gate.
 80620 | Depths:3 | Noticed an ancient lich
 80621 | Depths:3 | Found an ancient bone altar of Kikubaaqudgha.
 80621 | Depths:3 | Noticed Zuofef's ghost (veteran GrEE)
 80621 | Depths:3 | Noticed an ancient lich
 80997 | Depths:3 | Killed an ancient lich
 81001 | Depths:3 | Killed an ancient lich
 81003 | Depths:3 | Killed Zuofef's ghost
 81036 | Depths:3 | Identified the ring of Bydacs {Fly rF+ Dex+3}
 81048 | Depths:3 | Identified the +0 pair of gloves of Resilience {Str-3 Int+3
                  | Dex+4}
 81120 | Depths:4 | Entered Level 4 of the Depths
 81244 | Depths:4 | Noticed a juggernaut
 81248 | Depths:4 | Killed a juggernaut
 81397 | Depths:4 | Reached skill level 15 in Dodging
 81407 | Depths:4 | Reached XP level 27. HP: 176/231 MP: 24/45
 82235 | Depths:4 | Found a gate to the Realm of Zot.
 82635 | Zot:1    | Entered Level 1 of the Realm of Zot
 82860 | Zot:1    | Found a huge runed translucent gate.
 82861 | Zot:1    | Found a huge runed translucent gate.
 82861 | Zot:1    | Found a huge runed translucent gate.
 82861 | Zot:1    | Found a huge runed translucent gate.
 82861 | Zot:1    | Found a huge runed translucent gate.
 82861 | Zot:1    | Identified the ring of the Gastropod {Ice Will+}
 82861 | Zot:1    | Noticed Josephina
 82864 | Zot:1    | Killed Josephina
 82958 | Zot:1    | Found a huge runed translucent gate.
 82958 | Zot:1    | Found a huge runed translucent gate.
 82959 | Zot:1    | Found a huge runed translucent gate.
 82960 | Zot:1    | Found a huge runed translucent gate.
 82961 | Zot:1    | Found a huge runed translucent gate.
 82961 | Zot:1    | Found a huge runed translucent gate.
 82962 | Zot:1    | Found a huge runed translucent gate.
 82962 | Zot:1    | Found a huge runed translucent gate.
 82963 | Zot:1    | Found a huge runed translucent gate.
 82963 | Zot:1    | Found a huge runed translucent gate.
 82964 | Zot:1    | Found a huge runed translucent gate.
 82966 | Zot:1    | Found a huge runed translucent gate.
 82967 | Zot:1    | Found a huge runed translucent gate.
 82967 | Zot:1    | Found a huge runed translucent gate.
 82973 | Zot:1    | Found a huge runed translucent gate.
 82974 | Zot:1    | Found a huge runed translucent gate.
 82974 | Zot:1    | Found a huge runed translucent gate.
 82975 | Zot:1    | Found a huge runed translucent gate.
 82980 | Zot:1    | Found a huge runed translucent gate.
 83036 | Zot:1    | Noticed Parghit
 83046 | Zot:1    | Killed Parghit
 83456 | Zot:1    | Found a huge runed translucent gate.
 83457 | Zot:1    | Found a huge runed translucent gate.
 83457 | Zot:1    | Found a huge runed translucent gate.
 83457 | Zot:1    | Found a huge runed translucent gate.
 83461 | Zot:1    | Found a huge runed translucent gate.
 83463 | Zot:1    | Found a huge runed translucent gate.
 83464 | Zot:1    | Found a huge runed translucent gate.
 83464 | Zot:1    | Found a huge runed translucent gate.
 83464 | Zot:1    | Found a huge runed translucent gate.
 83464 | Zot:1    | Found a huge runed translucent gate.
 83466 | Zot:1    | Found a huge runed translucent gate.
 83467 | Zot:1    | Found a huge runed translucent gate.
 83838 | Zot:1    | Identified the ring of Otoupu {Ice Int+3}
 84142 | Zot:1    | HP: 11/235 [spark wasp[a protean progenitor] (5)]
 85010 | Zot:2    | Reached skill level 25 in Spellcasting
 85188 | Zot:2    | Noticed Grunn
 85196 | Zot:2    | Killed Grunn
 85438 | Zot:2    | Found the +18 shield of the Gong {Loud rN+ Will+ rCorr
                  | EV-5}
 86462 | Zot:3    | Identified the +4 ring mail of Sharp the Leaf {Will++
                  | Stlth-}
 88114 | Zot:4    | Reached skill level 26 in Spellcasting
 88695 | Zot:5    | Entered Level 5 of the Realm of Zot
 88817 | Zot:5    | Noticed an ancient lich
 88817 | Zot:5    | Noticed an ancient lich
 89270 | Zot:5    | Noticed a dread lich
 89288 | Zot:5    | Killed a dread lich
 89342 | Zot:5    | Noticed an orb of fire
 89346 | Zot:5    | Noticed an orb of fire
 89349 | Zot:5    | Killed an orb of fire
 89354 | Zot:5    | Killed an orb of fire
 89381 | Zot:5    | Noticed an orb of fire
 89385 | Zot:5    | Killed an orb of fire
 89386 | Zot:5    | Reached skill level 27 in Spellcasting
 89498 | Zot:5    | Killed an ancient lich
 89557 | Zot:5    | Noticed a dread lich
 89566 | Zot:5    | Killed a dread lich
 89587 | Zot:5    | Noticed an orb of fire
 89591 | Zot:5    | Noticed an orb of fire
 89596 | Zot:5    | Gained mutation: You are frail. (-10% HP) [an orb of fire]
 89602 | Zot:5    | Lost mutation: Your skin changes colour to match your
                  | surroundings (Stealth+). [potion of mutation]
 89602 | Zot:5    | Lost mutation: Your magical capacity is low. (-10% MP)
                  | [potion of mutation]
 89602 | Zot:5    | Lost mutation: You are frail. (-10% HP) [potion of
                  | mutation]
 89602 | Zot:5    | Gained mutation: You are agile. (Dex +4, Str/Int -1)
                  | [potion of mutation]
 89602 | Zot:5    | Gained mutation: You passively map a small area around you.
                  | [potion of mutation]
 89605 | Zot:5    | Noticed an orb of fire
 89634 | Zot:5    | Gained mutation: Your magical capacity is low. (-10% MP)
                  | [an orb of fire]
 89869 | Zot:5    | Killed an orb of fire
 89948 | Zot:5    | Gained mutation: You are frail. (-10% HP) [an orb of fire]
 89952 | Zot:5    | Killed an orb of fire
 90128 | Zot:5    | Got the Orb of Zot
 90147 | Zot:5    | Killed an ancient lich
 90258 | Zot:1    | Noticed Ekhleshos the pandemonium lord
 90264 | Zot:1    | Killed Ekhleshos the pandemonium lord
 90850 | D:$      | Escaped with the Orb!

Illustrated notes

Levels and vault maps discovered:
D:1:      matt_arrival_spirals, layout_loops_ring
D:2:      layout_loops_corners, serial_shops, nicolae_shop_tiny_statue_garden,
          nicolae_twisty_statue_hallways, uniq_crazy_yiuf_cottage
D:3:      layout_basic, mainiacjoe_overflow_small_starburst,
          shapermc_ecumenical_altar_starsandcircs, uniq_robin, uniq_natasha,
          uniq_grinder
D:4:      layout_loops_ring, mainiacjoe_overflow_tiny_flanked,
          minmay_joined_circles
D:5:      layout_cave_pods, nemelex_diamond_rough_becter,
          minmay_temple_entry_sparse_star, serial_shops, shop
D:6:      layout_cave_pools, grunt_temple_overflow_forces_of_nature,
          nicolae_specific_store, minivault_14
D:7:      layout_loops_ring, nicolae_dithmenos_through_a_glass_darkly,
          regret_index_kikubaaqudgha_part_by_part,
          nicolae_overflow_hidden_temple
D:8:      layout_rooms, jmf_multi_god_temple2, dpeg_oklobed_lair
D:9:      layout_basic, elyvilon_altar_1, orc_0_dummy, grunt_decor_junction
D:10:     layout_gridville, okawaru_metal_pillars_1_2,
          bh_hangedman_babel_library
D:11:     layout_loops_ring, muffindrake_ghost_dual_entry,
          portal_ice_cave_entry_imps, uniq_amaemon
D:12:     layout_roguey, nicolae_trove_entry_diagonal
D:13:     layout_roguey, david_vaults_5
D:14:     cheibrodos_hippocracy, layout_basic, serial_bayou_shore_b,
          nicolae_sif_muna_little_library, uniq_snorg
D:15:     grunt_enter_depths_giant_problem, layout_long_grid,
          wad_floor_pattern_2
Temple:   nicolae_temple_two_arcs
Lair:1:   layout_cave_shapes, minivault_27, dreamdust_mushroom_princess,
          grunt_megastairs_2, serial_bayou_shore_b, lemuel_fruit_tree
Lair:2:   layout_long_grid, nicolae_shoals_entry_roost,
          nicolae_snake_entry_squirm, ebering_ghost_funeral_grove
Lair:3:   layout_long_grid
Lair:4:   layout_long_grid, slime_entry_1, serial_bayou_pond_e,
          beast_lair_carwin_2, grunt_megastairs_4
Lair:5:   due_jungle_book, layout_gridlike
Shoals:1: layout_shoals, uniq_mlioglotl
Shoals:2: layout_shoals, gammafunk_ghost_berserking_beasts,
          nicolae_shoals_elemental_ambush, uniq_jorgrun
Shoals:3: layout_shoals, gammafunk_ghost_wrathful_warriors,
          nicolae_shoals_dead_sea_scrolls, uniq_polyphemus
Shoals:4: shoals_end_hellmonk_lost_city
Snake:1:  layout_honeycomb, serial_shops, nicolae_shop_tiny_statue_garden,
          grunt_ministairs_12
Snake:2:  layout_onion, uniq_frances
Snake:3:  layout_rooms, minmay_shop_grove, uniq_vashnia
Snake:4:  johnstein_snake_rune_scales, layout_rooms, serial_shops, shop
Slime:1:  layout_caves
Slime:2:  layout_caves
Slime:3:  layout_caves
Slime:4:  layout_caves, nicolae_slime_getting_an_eyeful
Slime:5:  slime_pit
Orc:1:    layout_caves, minmay_orc_barracks
Orc:2:    grunt_orc_tribal_feast, layout_diamond_mine, hangedman_feature_mirror
Elf:1:    elf_arrival_001, layout_rooms, special_room [special_room_orc],
          ebering_ghost_reflecting_pool, serial_shops, shop,
          kilobyte_rumbling_trees
Elf:2:    elven_hall_of_blades_hangedman_original
          [nicolae_blade_entry_floor_patterns], layout_loops_ring, serial_glass,
          glass_columns_c, glass_columns_a
Elf:3:    elf_hall_gauntlet_wide, layout_gridlike, serial_shops, shop,
          uniq_zenata
Vaults:1: nicolae_vaults_meiosis, vaults_mumra_hexcomb, vaults_mumra_minichess,
          nicolae_vaults_closet_pinwheel_1, hangedman_vaults_slice,
          nicolae_vaults_six-pack, vaults_room_stairs_pillars,
          nicolae_vaults_tetromino_L_1, nicolae_vaults_tetromino_L_2,
          nicolae_vaults_little_squares_3, layout_vaults_quadrants
Vaults:2: door_vault, vaults_room_ringed_pool, minmay_crypt_entry_necro_gods,
          nicolae_vaults_little_squares_3, nicolae_vaults_diamond_2,
          v_alt_pattern_5, nicolae_vaults_ring_of_whatevers,
          nicolae_vaults_taking_the_gang_shopping, vaults_dpeg_hooks,
          nicolae_vaults_variable_pillar_hall, nicolae_vaults_house_1,
          nicolae_vaults_what_the_h, nicolae_vaults_double_plus_1,
          ontoclasm_vaults_chip, nicolae_vaults_sealed_display,
          layout_vaults_omnicross
Vaults:3: v_alt_pattern_3, nicolae_vaults_corridor_and_loot_room,
          nicolae_vaults_asterisk, grunt_vaults_focal,
          ontoclasm_vaults_decontamination, nicolae_vaults_arrows,
          vaults_dpeg_cross, ontoclasm_vaults_chip,
          nicolae_vaults_offset_grid_hallway_4,
          nicolae_vaults_closet_pinwheel_5, ontoclasm_vaults_shuriken,
          nicolae_vaults_trapezoid_lopsided_2, ontoclasm_vaults_pinch,
          nicolae_vaults_house_2, nicolae_vaults_trapezoid_lopsided_3,
          nicolae_vaults_trapezoid_lopsided_2, layout_vaults_omnibox,
          uniq_xtahua
Vaults:4: v_misc_16, nicolae_vaults_spaceships, hangedman_vaults_cutoff,
          grunt_vaults_diagonal, vaults_mumra_chevron_long,
          nicolae_vaults_heart-shaped_vault, nicolae_vaults_cochlea,
          nicolae_vaults_cornered_office, nicolae_vaults_closet_pinwheel_2,
          nicolae_vaults_heist, dpeg_vaults_waves, layout_vaults_ring
Vaults:5
Depths:1: layout_gridlike, enter_ziggurat_c, chequers_serial_rivers_micro_e,
          hell_entry, hangedman_decor_points, st_stairs_12,
          nicolae_houndstooth_variations, serial_bayou_shore_b, uniq_asterion
Depths:2: grunt_arcs, layout_cave_pools, pf_dread_powers_of_hell,
          rand_demon_pan_entry_3, st_stairs_8, nicolae_twisting_strands,
          infiniplex_staircase_diamond
Depths:3: minmay_crescents, layout_basic, gammafunk_ghost_crypt, abyss_entry,
          hangedman_abyss_or_decor_slice, hell_entry, minmay_misc_feat_room
Depths:4: grunt_zot_entry_funnels, layout_cave_pools, hell_entry,
          ebering_dispersal_statue_hall
Zot:1:    layout_twisted_circle, not_door_vault_due, uniq_josephina,
          uniq_parghit
Zot:2:    layout_misc_corridors, lemuel_baited_zot_trap, uniq_grunn
Zot:3:    layout_gridlike, skrybe_zot_glass_2
Zot:4:    nicolae_moth_party, layout_cathedral_of_symmetry,
          regret_index_zotdec_twisting_globes
Zot:5:    layout_misc_corridors

Skill      XL: |  1  2  3  4  5  6  7  8  9 10 11 12 13 14 15 16 17 18 19 20 21 22 23 24 25 26 27 |
---------------+----------------------------------------------------------------------------------+-----
Spellcasting   | 2 3 4 5 6 7 8 11 12 14 15 16 18 20 21 22 23 24 27 | 27.0
Conjurations   | 1 2 4 5 8 9 10 13 17 19 | 19.0
Translocations | 5 |  5.0
Alchemy        | 2 4 6 7 |  7.0
Fighting       | 3 6 7 10 13 15 16 19 22 25 | 25.0
Armour         | 1 5 6 8 11 13 17 21 | 21.1
Dodging        | 4 6 11 15 16 | 16.0
Air Magic      | 4 9 10 13 15 16 | 16.0
Fire Magic     | 6 9 10 12 15 16 17 19 20 | 20.0
Evocations     | 5 6 |  6.0
Shields        | 3 6 11 14 15 | 15.0
Hexes          | 2 |  2.0
Staves         | |  2.1
Invocations    | |  1.0

Action                     |  1- 3 |  4- 6 |  7- 9 | 10-12 | 13-15 | 16-18 | 19-21 | 22-24 | 25-27 || total
---------------------------+-------+-------+-------+-------+-------+-------+-------+-------+-------++-------
  Melee: Quarterstaff      |   129 |    61 |    63 |       |       |       |       |       |       ||   253
         Short sword       |       |       |    29 |   190 |   165 |       |       |       |       ||   384
         Headbutt          |       |       |    12 |    35 |    45 |       |       |       |       ||    92
         Hand axe          |       |       |       |       |   226 |   327 |   126 |   240 |   244 ||  1163
  Throw: Dart              |       |       |     6 |       |       |       |       |       |       ||     6
   Cast: Apportation       |     1 |       |       |       |       |       |       |       |       ||     1
         Searing Ray       |     2 |    21 |    49 |    19 |     1 |       |       |       |       ||    92
         Momentum Strike   |       |     2 |     2 |     1 |       |       |       |       |       ||     5
         Fulminant Prism   |       |       |    28 |    75 |    10 |     1 |       |       |       ||   114
         Iskenderun's Myst |       |       |     3 |    47 |    18 |       |       |       |       ||    68
         Lesser Beckoning  |       |       |     1 |     3 |       |       |       |       |       ||     4
         Stone Arrow       |       |       |       |    38 |    18 |     6 |       |       |       ||    62
         Static Discharge  |       |       |       |    54 |    33 |     7 |       |     2 |       ||    96
         Arcjolt           |       |       |       |    12 |    56 |    81 |    45 |     1 |     1 ||   196
         Plasma Beam       |       |       |       |       |   235 |   349 |   405 |   224 |   204 ||  1417
         Irradiate         |       |       |       |       |       |    63 |    24 |    39 |    65 ||   191
         Yara's Violent Un |       |       |       |       |       |     2 |     3 |       |     2 ||     7
         Maxwell's Capacit |       |       |       |       |       |       |     6 |    42 |   142 ||   190
         Ignition          |       |       |       |       |       |       |       |   125 |    97 ||   222
         Orb of Destructio |       |       |       |       |       |       |       |     2 |       ||     2
         Fire Storm        |       |       |       |       |       |       |       |     7 |    93 ||   100
Ability: Hop               |       |     1 |     6 |     6 |     4 |     2 |     1 |     1 |     5 ||    26
         Evoke Blink       |       |       |       |       |       |     1 |       |       |       ||     1
  Evoke: Wand              |       |       |       |     1 |     1 |     1 |     3 |       |     6 ||    12
         Box of beasts     |       |       |       |       |       |       |     1 |     1 |       ||     2
         Phial of floods   |       |       |       |       |       |       |       |     2 |     1 ||     3
         Condenser vane    |       |       |       |       |       |       |       |     1 |       ||     1
    Use: Scroll            |       |     5 |     8 |     3 |    15 |     4 |     5 |    16 |    15 ||    71
         Potion            |       |     2 |     9 |     2 |     4 |     1 |       |     8 |    17 ||    43
   Stab: Sleeping          |       |       |     1 |       |       |     3 |       |     1 |       ||     5
         Distracted        |       |       |       |       |       |       |       |     2 |       ||     2
         Fleeing           |       |       |       |       |       |       |       |     1 |       ||     1
 Armour: Robe              |    86 |    67 |    71 |       |       |       |       |       |       ||   224
         Skin              |       |     5 |    19 |       |       |       |       |       |       ||    24
         Troll leather arm |       |       |   109 |   366 |   124 |       |       |       |       ||   599
         Acid dragon scale |       |       |       |       |   310 |   684 |   172 |   343 |   482 ||  1991
         Quicksilver drago |       |       |       |       |       |       |       |       |    75 ||    75
  Dodge: Dodged            |    75 |    64 |   122 |   229 |   371 |   418 |   124 |   217 |   470 ||  2090
  Block: Other             |       |       |       |    28 |    60 |       |       |       |       ||    88
         Reflection        |       |       |       |     1 |    16 |    56 |    47 |    16 |       ||   136
         Buckler           |       |       |       |       |   187 |   470 |     5 |       |       ||   662
         Kite shield       |       |       |       |       |       |       |   449 |   509 |   730 ||  1688

Table legend: (Time is in decaauts)
 A = Elapsed time spent in this place.
 B = Non-inter-level travel time spent in this place.
 C = Inter-level travel time spent in this place.
 D = Time resting spent in this place.
 E = Time spent auto-exploring this place.
 F = Levels seen in this place.
 G = Mean time per level.
                   A        B        C        D        E       F      G
               +--------+--------+--------+--------+--------+-----+--------+
         Total |  99486 |  89983 |   9503 |  30087 |  43678 |  58 | 1715.3 |
       Dungeon |  24858 |  21068 |   3790 |   5353 |  11251 |  15 | 1657.2 |
        Temple |     63 |     47 |     16 |      0 |     44 |   1 |   63.0 |
          Lair |  11462 |   9840 |   1622 |   3502 |   4711 |   5 | 2292.4 |
        Shoals |   7949 |   7187 |    762 |   2818 |   3454 |   4 | 1987.2 |
     Snake Pit |   9779 |   9131 |    648 |   4009 |   3743 |   4 | 2444.8 |
    Slime Pits |   3867 |   3508 |    359 |   1206 |   1732 |   5 |  773.4 |
  Orcish Mines |   3540 |   3154 |    386 |   1430 |   1238 |   2 | 1770.0 |
   Elven Halls |   6134 |   5915 |    219 |   1764 |   3057 |   3 | 2044.7 |
        Vaults |  13742 |  12862 |    880 |   3776 |   6856 |   5 | 2748.4 |
        Depths |   7716 |   7289 |    427 |   2585 |   3423 |   4 | 1929.0 |
           Zot |   8277 |   7888 |    389 |   3081 |   3469 |   5 | 1655.4 |
         Abyss |    380 |    380 |      0 |     49 |      0 |   3 |  126.7 |
         Trove |     63 |     63 |      0 |      0 |      1 |   1 |   63.0 |
      Ice Cave |   1651 |   1651 |      0 |    510 |    693 |   1 | 1651.0 |
               +--------+--------+--------+--------+--------+-----+--------+

Top non-repeatable levels by time:
     D:9: 3405 daAuts
Depths:1: 3233 daAuts
Vaults:1: 3052 daAuts
Vaults:3: 2804 daAuts
 Snake:1: 2769 daAuts
Vaults:4: 2740 daAuts
Shoals:3: 2739 daAuts
  Lair:5: 2717 daAuts
 Snake:3: 2634 daAuts
Vaults:2: 2598 daAuts
  Lair:2: 2593 daAuts
   Zot:1: 2547 daAuts
Vaults:5: 2547 daAuts
  Lair:4: 2460 daAuts
   Elf:2: 2458 daAuts
